 Dungeon Crawl Stone Soup version bcrawl-1.12.2 (webtiles) character file.

Game seed: 2213761802903843133

125 Tinylith the Sneak (level 5, 0/46 HPs)
             Began as a Naga Sloth Apostle on July 18, 2019.
             Was a Believer of Cheibriados.
             Slain by a phantom (4 damage)
             ... on level 3 of the Dungeon.
             The game lasted 00:08:48 (2071 turns).

Tinylith the Sneak (Naga Sloth Apostle)             Turns: 2071, Time: 00:08:49

Health: 0/46       AC:  2    Str: 19    XL:     5   Next: 9%
Magic:  7/7        EV:  7    Int: 16    God:    Cheibriados [**....]
Gold:   107        SH:  9    Dex: 15    Spells: 6/7 levels left

rFire    . . .     SeeInvis +   a - +0 trident
rCold    . . .     Gourm    .   c - +0 shield
rNeg     . . .     Faith    .   q - +0 robe (curse)
rPois    +         Spirit   .   p - +0 hat
rElec    .         Reflect  .   (no cloak)
rCorr    .         Harm     .   (no gloves)
MR       .....                  (no barding)
Stlth    +++.......             (no amulet)
HPRegen  0.15/turn              (no ring)
MPRegen  0.10/turn              (no ring)

@: very slow
A: large, see invisible, deformed body, poison resistance, slowness 2, slow
metabolism 1, spit poison 1, AC +1
a: Spit Poison, Bend Time, Renounce Religion


You were on level 3 of the Dungeon.
You worshipped Cheibriados.
Cheibriados was pleased with you.
You were not hungry.

You visited 1 branch of the dungeon, and saw 3 of its levels.

You collected 107 gold pieces.

Inventory:

Hand Weapons
 a - a +0 trident (weapon)
 b - a +0 hunting sling
Missiles
 g - 134 sling bullets
 h - 409 stones (quivered)
Armour
 c - a +0 shield (worn)
 j - a +0 ring mail
 p - a +0 hat (worn)
 q - a cursed +0 robe (worn)
Jewellery
 l - an uncursed ring of protection from fire {unknown}
 m - an uncursed ring of see invisible {unknown}
 n - a cursed ring of protection from fire {unknown}
Wands
 d - a wand of paralysis (10)
Scrolls
 i - 4 scrolls of identify {unknown}
 k - a scroll of amnesia {unknown}
 r - a scroll of teleportation {unknown}
 s - a scroll of noise {unknown}
 v - a scroll of immolation {unknown}
 x - a scroll of fear {unknown}
Potions
 e - a potion of flight {unknown}
 o - 3 potions of curing {unknown}
 t - 2 potions of brilliance {unknown}
 u - a potion of degeneration {unknown}
 w - a potion of mutation {unknown}
 A - a potion of ambrosia {unknown}
 B - a potion of heal wounds {unknown}
Comestibles
 f - 7 rations {!d}
 z - 8 chunks of flesh


   Skills:
 + Level 2.4 Fighting
 * Level 2.9 Polearms
 - Level 0.3 Armour
 + Level 0.4 Dodging
 + Level 5.4 Stealth
 * Level 2.3 Shields
 + Level 1.6 Spellcasting
 + Level 1.5 Hexes
 + Level 1.0 Invocations
 - Level 1.0 Evocations


You had 6 spell levels left.
You knew the following spells:

 Your Spells              Type           Power        Failure   Level  Hunger
a - Slow                  Hex            #.......     43%         1    ##.....
Your spell library was empty.

Dungeon Overview and Level Annotations

Branches:
Dungeon (3/12)

Altars:


Innate Abilities, Weirdness & Mutations

You cannot wear boots.
Your serpentine skin is tough. (AC +1)
You have supernaturally acute eyesight. (SInv)
Armour fits poorly on your strangely shaped body.
Your system is resistant to poisons. (rPois)
You cover ground very slowly.
You have a slow metabolism.
You can spit poison.


Message History

The phantom blinks!
Firing (i - inventory. (/) - cycle)
g - 137 sling bullets (quivered)
Press: ? - help, Shift-Dir - straight line, f/p - phantom
Aim: a phantom (severely damaged)
You shoot a sling bullet.
The sling bullet hits the phantom but does no damage.
The phantom is severely damaged.
Firing (i - inventory. (/) - cycle)
g - 136 sling bullets (quivered)
Press: ? - help, Shift-Dir - straight line, f/p - phantom
Aim: a phantom (severely damaged)
You shoot a sling bullet.
The sling bullet closely misses the phantom.
Firing (i - inventory. (/) - cycle)
g - 135 sling bullets (quivered)
Press: ? - help, Shift-Dir - straight line, f/p - phantom
Aim: a phantom (severely damaged)
You shoot a sling bullet.
The sling bullet closely misses the phantom.
a - a +0 trident (weapon)
The phantom hits you.
You die...

## ###### .. #.!..#
#..#(...#
#..#....##
#.%......# #.@รท..#
#.W...##########
#..............#
#..............#
#.......)...)..####
#.#####+#####......
...... #..........
....... #.###......
#.......####.#
#......


You could see a phantom.

Vanquished Creatures
  An orc priest (D:3)
  2 adders (D:3)
  3 worms (D:3)
  3 dart slugs
  2 leopard geckos (D:2)
  7 orcs
  A ball python (D:2)
  3 bats
  5 giant cockroaches
  A hobgoblin (D:2)
  3 jackals (D:1)
  2 quokkas (D:2)
  2 frilled lizards
  6 goblins
  9 kobolds
  5 rats
55 creatures vanquished.

Notes
Turn   | Place    | Note
-------+----------+-------------------------------------------
     0 | D:1      | Tinylith the Naga Sloth Apostle began the quest for the
                  | Orb.
     0 | D:1      | Reached XP level 1. HP: 19/19 MP: 2/2
   219 | D:1      | Reached XP level 2. HP: 26/26 MP: 3/3
   458 | D:1      | Reached skill level 5 in Stealth
   762 | D:2      | Reached * piety under Cheibriados
   794 | D:2      | Reached XP level 3. HP: 30/32 MP: 4/4
  1532 | D:3      | Reached XP level 4. HP: 26/39 MP: 6/6
  1980 | D:3      | Reached ** piety under Cheibriados
  1980 | D:3      | Reached skill level 1 in Invocations
  1998 | D:3      | Reached XP level 5. HP: 46/46 MP: 7/7
  2034 | D:3      | Noticed a phantom
  2071 | D:3      | Slain by a phantom

Skill      XL: |  1  2  3  4 |
---------------+-------------+-----
Stealth        | 5 |  5.4
Shields        | 2 |  2.3
Invocations    | 1 |  1.0
Fighting       | |  2.4
Polearms       | |  2.9
Armour         | |  0.3
Dodging        | |  0.4
Spellcasting   | |  1.6
Hexes          | |  1.5
Evocations     | |  1.0

Action                   |  1- 3 |  4- 6 || total
-------------------------+-------+-------++-------
Melee: Spear             |    25 |       ||    25
       Trident           |    10 |    37 ||    47
 Fire: Hunting sling     |    22 |    27 ||    49
Throw: Stone             |     1 |       ||     1
 Cast: Slow              |       |     1 ||     1
 Abil: Spit Poison       |    28 |     8 ||    36
 Stab: Distracted        |     1 |       ||     1
       Sleeping          |     1 |       ||     1
  Eat: Chunk             |     2 |     2 ||     4
Armor: Ring mail         |     1 |       ||     1
       Robe              |     8 |     3 ||    11
Dodge: Dodged            |     8 |     7 ||    15
Block: Shield            |    19 |    12 ||    31
